Map: Acropolis LE

Players

CANNONRUSHNU - Winner!

  • Race: Protoss Protoss
  • League: Master
  • Spawn Location: 5:00

Rose

  • Race: Zerg Zerg
  • League: Master
  • Spawn Location: 11:00

VOD

Have the link to the VOD?

Description

Time

  • Played on: Aug. 21, 2019, 5:13 a.m.
  • Length: 17:34
Show
View Real Time Build Order
Export as new Build Order

CANNONRUSHNU Protoss - Winner!

Build Orders:  

Get SALT Encoding   

  12  0:01  Probe  
  13  0:13  Probe  
  14  0:25  Probe  
  14  0:27  Pylon  
  15  0:45  Probe  
  15  0:49  Forge  
  16  0:51  Gateway  
  16  0:57  Probe  
  17  1:21  Pylon  
  17  1:22  Probe  
  17  1:30  Probe  
  18  1:39  Pylon  
  19  1:40  Photon Cannon  
  19  1:43  Probe  
  20  1:53  Gateway  
  20  1:55  Probe  
  20  2:06  Photon Cannon  
  20  2:10  Pylon, Probe  
  21  2:18  Photon Cannon  
  22  2:22  Probe  
  22  2:27  Photon Cannon  
  22  2:35  Probe  
  23  2:44  Assimilator  
  23  2:47  Probe  
  23  2:48  Assimilator  
  24  2:55  Pylon  
  24  2:59  Probe  
  24  3:03  Cybernetics Core  
  25  3:08  Probe  
  26  3:16  Probe  
  26  3:25  Probe  
  28  3:38  Photon Cannon  
  28  3:41  Pylon  
  28  3:42  Stargate  
  28  4:03  Photon Cannon  
  28  4:05  Photon Cannon  
  28  4:08  Shield Battery  
  28  4:12  Photon Cannon  
  28  4:18  Pylon  
  32  4:41  Pylon  
  31  4:52  Stargate  
  31  4:57  Photon Cannon  
  27  5:00  Photon Cannon  
  27  5:03  Stalker  
  27  5:04  Pylon  
  27  5:07  Pylon  
  29  5:26  Shield Battery  
  29  5:29  Stalker  
  31  5:40  Void Ray  
  35  5:46  Shield Battery  
  35  6:11  Fleet Beacon  
  35  6:14  Pylon  
  35  6:31  Void Ray  
  38  7:06  Nexus  
  36  7:16  Oracle  
  39  7:36  Pylon  
  39  7:45  Pylon  
  39  7:48  Assimilator  
  39  7:52  Assimilator  
  39  7:57  Oracle  
  39  8:12  Photon Cannon  
  42  8:16  Photon Cannon  
  42  8:49  Probe  
  43  9:00  Nexus  
  43  9:01  Probe  
  44  9:06  Oracle  
  44  9:08  Probe  
  44  9:09  Probe  
  49  9:18  Probe  
  49  9:20  Probe  
  51  9:49  Photon Cannon  
  51  9:55  Probe  
  51  9:56  Cybernetics Core  
  51  9:59  Pylon  
  52  10:08  Probe  
  53  10:23  Oracle  
  56  10:33  Probe  
  57  10:44  Stargate  
  57  10:45  Probe x2  
  57  10:46  Stargate  
  59  10:57  Nexus  
  59  11:19  Oracle  
  59  11:23  Photon Cannon  
  62  11:29  Photon Cannon  
  62  11:30  Photon Cannon  
  62  11:34  Shield Battery  
  62  11:39  Photon Cannon  
  62  11:42  Pylon  
  62  11:44  Probe  
  63  11:50  Assimilator  
  63  11:52  Assimilator  
  63  11:55  Oracle  
  63  11:56  Probe  
  65  12:19  Oracle x2  
  65  12:23  Oracle  
  71  12:33  Probe  
  75  12:37  Pylon  
  75  12:45  Probe  
  76  12:57  Probe  
  77  13:07  Oracle x3  
  86  13:16  Probe x2  
  88  13:28  Probe x2  
  88  13:31  Fleet Beacon  
  90  13:44  Oracle x3  
  99  13:53  Probe  
  100  14:05  Probe  
  98  14:26  Void Ray x3  
  92  14:57  Stargate  
  88  15:00  Stargate  
  88  15:03  Stargate  
  81  15:09  Void Ray x3  
  90  15:51  Void Ray  
  90  15:52  Void Ray x2  
  102  16:02  Void Ray x3  
  114  16:45  Pylon  
  114  16:46  Pylon  
Show
View Real Time Build Order
Export as new Build Order

Rose Zerg 

Build Orders: Pool First, Swarm Host 

Get SALT Encoding   

  12  0:08  Overlord  
  12  0:13  Drone  
  13  0:17  Drone  
  14  0:27  Drone  
  15  0:30  Drone  
  16  0:42  Spawning Pool  
  16  0:44  Extractor  
  16  0:47  Drone  
  15  0:52  Drone  
  16  1:26  Hatchery  
  16  1:29  Zergling x4  
  16  1:30  Zergling x2  
  18  1:41  Queen  
  20  1:52  Metabolic Boost  
  20  2:22  Lair  
  20  2:23  Overlord  
  20  2:24  Drone x2  
  22  2:48  Queen  
  24  2:51  Zergling x2  
  24  2:52  Zergling x6  
  24  2:58  Zergling x4  
  30  3:03  Zergling x2  
  31  3:08  Overlord  
  31  3:12  Zergling x2  
  32  3:23  Nydus Network  
  31  3:35  Queen  
  33  3:47  Zergling x2  
  33  3:48  Zergling x4  
  36  4:02  Nydus Canal, Zergling x2  
  37  4:03  Zergling x2  
  38  4:16  Overlord  
  34  4:31  Zergling x6  
  32  4:46  Zergling x2  
  33  4:57  Spine Crawler  
  33  4:59  Spine Crawler x2  
  30  5:09  Baneling Nest  
  29  5:19  Spine Crawler  
  28  5:28  Zergling x2  
  28  5:29  Zergling x2  
  28  6:02  Baneling x5  
  28  6:03  Baneling x6  
  15  6:42  Drone x3  
  18  6:53  Drone  
  19  6:59  Hatchery  
  18  7:11  Drone  
  19  7:20  Queen  
  19  7:21  Drone  
  22  7:30  Drone  
  23  7:40  Spore Crawler, Drone x2  
  24  7:48  Drone x2  
  26  8:00  Infestation Pit  
  26  8:04  Drone  
  26  8:05  Extractor  
  25  8:11  Overlord  
  25  8:14  Drone  
  27  8:20  Zergling x2  
  27  8:28  Queen  
  27  8:32  Drone  
  27  8:33  Drone  
  31  8:36  Drone  
  32  8:47  Drone x3  
  35  8:54  Queen  
  37  9:00  Swarm Host  
  40  9:05  Swarm Host  
  40  9:09  Drone  
  44  9:15  Swarm Host  
  47  9:28  Overseer  
  47  9:33  Spore Crawler  
  47  9:34  Swarm Host x2  
  52  9:42  Nydus Canal  
  52  9:43  Overlord  
  52  9:51  Extractor  
  51  10:04  Swarm Host  
  54  10:07  Drone  
  54  10:08  Drone x5  
  54  10:11  Extractor  
  59  10:27  Drone  
  60  10:32  Hatchery  
  59  10:56  Overlord  
  59  11:19  Overlord x2  
  59  11:35  Nydus Canal  
  59  11:37  Queen  
  59  11:38  Swarm Host x4  
  59  11:39  Swarm Host  
  76  11:41  Overlord x2  
  76  11:45  Drone x2  
  79  11:47  Drone  
  79  12:12  Drone x6  
  85  12:16  Spire  
  84  12:24  Swarm Host x2  
  90  12:36  Extractor  
  89  12:40  Drone x6  
  95  12:45  Overlord  
  95  12:47  Swarm Host  
  97  12:51  Nydus Canal  
  97  12:54  Overlord  
  97  13:01  Spore Crawler  
  97  13:02  Spore Crawler  
  97  13:03  Spore Crawler  
  97  13:04  Drone  
  95  13:11  Spore Crawler  
  95  13:12  Spore Crawler, Drone  
  95  13:17  Nydus Canal  
  94  13:21  Swarm Host x2  
  100  13:29  Zergling x2  
  100  13:31  Corruptor  
  100  13:32  Overlord  
  103  13:40  Swarm Host x2  
  103  13:41  Swarm Host  
  112  13:51  Corruptor  
  114  14:10  Nydus Canal  
  114  14:20  Overlord x2  
  114  14:21  Overlord  
  106  14:25  Corruptor x2, Overlord  
  94  14:58  Queen  
  98  15:08  Lair  
  98  15:10  Drone x2  
  98  15:21  Hatchery  
  97  15:26  Drone x3  
  97  15:27  Drone x2  
  102  15:44  Spore Crawler  
  93  15:55  Drone x6  
  99  16:00  Nydus Canal  
  99  16:06  Extractor  
  99  16:07  Drone x2  
  99  16:11  Queen  
  97  16:39  Spore Crawler  
  96  16:42  Spore Crawler x2  
  96  16:43  Spore Crawler x2  
  96  16:45  Spore Crawler x3  
  96  16:46  Spore Crawler x2  
Tags
 
Composition
Swarm Host
Matchup
PvZ
Opening
Pool First
Spawn Locations
Cross Positions
Add a new tag
Caveats
  • Supply blocks, unpowered buildings, or Contaminate may cause inaccurate times.
  • Supply counts are checked every 10 seconds.